 Dungeon Crawl Stone Soup version 0.23.0 (webtiles) character file.

Game seed: 14784005716283165979

304 DarkinPup the Ducker (level 6, -5/48 HPs)
             Began as a Demonspawn Gladiator on Feb 16, 2019.
             Killed by nerve-wracking pain
             ... invoked by an orc priest
              (8 damage)
             ... on level 4 of the Dungeon.
             The game lasted 00:07:26 (2844 turns).

DarkinPup the Ducker (Demonspawn Gladiator)         Turns: 2844, Time: 00:07:27

Health: -5/48      AC:  6    Str: 16    XL:     6   Next: 15%
Magic:  6/6        EV: 18    Int:  9    God:
Gold:   203        SH:  0    Dex: 20    Spells: 5/5 levels left

rFire    . . .     SeeInvis .   a - +0 long sword
rCold    . . .     Gourm    .   (no shield)
rNeg     . . .     Faith    .   l - +0 ring mail
rPois    .         Spirit   .   c - +0 helmet
rElec    .         Reflect  .   (no cloak)
rCorr    .         Harm     .   (no gloves)
MR       .....                  (no boots)
Stlth    ++........             n - amulet of inaccuracy (curse)
HPRegen  0.16/turn              (no ring)
MPRegen  0.10/turn              (no ring)

@: agile
A: hooves 2, powered by pain 1
a: no special abilities


You were on level 4 of the Dungeon.
You were not hungry.

You visited 1 branch of the dungeon, and saw 4 of its levels.

You collected 203 gold pieces.

Inventory:

Hand Weapons
 a - a +0 long sword (weapon)
Missiles
 d - 3 throwing nets (quivered)
Armour
 c - a +0 helmet (worn)
 l - a +0 ring mail (worn)
Jewellery
 n - a cursed amulet of inaccuracy (around neck)
Scrolls
 i - 2 scrolls of identify
 k - 3 scrolls of teleportation
 r - a scroll of enchant armour
 s - a scroll of enchant weapon
 t - 2 scrolls of fog
Potions
 b - a potion of heal wounds {unknown}
 e - a potion of curing
 g - 2 potions of brilliance {unknown}
 h - a potion of invisibility {unknown}
 j - a potion of haste {unknown}
 m - a potion of flight {unknown}
 o - a potion of ambrosia {unknown}
 p - 2 potions of agility {unknown}
 q - a potion of degeneration {unknown}
Comestibles
 f - 4 rations
 u - a chunk of flesh


   Skills:
 * Level 4.0 Fighting
 * Level 4.1 Long Blades
 - Level 1.7 Throwing
 + Level 1.0 Armour
 * Level 4.2 Dodging


You had 5 spell levels left.
You didn't know any spells.
Your spell library was empty.

Dungeon Overview and Level Annotations

Branches:
Dungeon (4/15)
 Temple: D:4-7

Altars:
Xom


Innate Abilities, Weirdness & Mutations

You have hoof-like feet.
You sometimes gain a little power by taking damage.


Message History

You barely miss the orc priest.
The orc priest is severely wounded.
The orc hits you with a +0 flail.
* * * LOW HITPOINT WARNING * * *
The frilled lizard closely misses you.
You riposte.
You miss the frilled lizard. You kick the frilled lizard.
You kill the frilled lizard!
The orc hits you from afar with a +0 trident!
* * * LOW HITPOINT WARNING * * *
The orc barely misses you. The orc priest completely misses you.
You riposte.
You miss the orc priest.
You kick the orc priest, but do no damage.
The orc priest is severely wounded.
You closely miss the orc priest.
You kick the orc priest, but do no damage.
The orc priest is severely wounded.
The orc barely misses you.
The orc priest invokes the aid of Beogh against you.
Pain shoots through your body!
You die...

... ### ... $.. ... ....
#'###### ....$
######.##...#######.....
..................o.....
................o.......
......[##.......@o....?.
.................o......
...................#####
^..................#
...................#
...................#
...................#
....†..............#
..†.......##########


You could see an orc priest and 3 orcs.

Vanquished Creatures
  A scorpion (D:4)
  2 orc wizards (D:4)
  2 worker ants (D:4)
  5 adders
  4 worms
  6 dart slugs
  3 leopard geckos (D:2)
  9 orcs
  A ball python (D:1)
  5 bats
  A giant cockroach (D:1)
  6 hobgoblins
  3 jackals (D:2)
  8 kobolds
  A quokka (D:2)
  4 frilled lizards
  9 goblins
  5 rats
75 creatures vanquished.

Notes
Turn   | Place    | Note
-------+----------+-------------------------------------------
     0 | D:1      | DarkinPup the Demonspawn Gladiator began the quest for the
                  | Orb.
     0 | D:1      | Reached XP level 1. HP: 16/16 MP: 1/1
   144 | D:1      | Gained mutation: You have large cloven feet. [demonic
                  | ancestry]
   144 | D:1      | Reached XP level 2. HP: 22/22 MP: 2/2
   532 | D:2      | Reached XP level 3. HP: 28/28 MP: 3/3
   806 | D:2      | Gained mutation: You have hoof-like feet. [demonic
                  | ancestry]
   806 | D:2      | Reached XP level 4. HP: 31/34 MP: 4/4
   848 | D:2      | Found a shimmering altar of Xom.
  1027 | D:2      | Found a faded altar of an unknown god.
  2297 | D:4      | Gained mutation: You sometimes gain a little power by
                  | taking damage. [demonic ancestry]
  2297 | D:4      | Reached XP level 5. HP: 39/41 MP: 5/5
  2785 | D:4      | Reached skill level 1 in Armour
  2785 | D:4      | Reached XP level 6. HP: 38/48 MP: 6/6
  2844 | D:4      | Killed from afar by an orc priest

Skill      XL: |  1  2  3  4  5 |
---------------+----------------+-----
Long Blades    | 3 4 |  4.1
Dodging        | 3 4 |  4.2
Fighting       | 3 4 |  4.0
Armour         | 1 |  1.0
Throwing       | |  1.7

Action                   |  1- 3 |  4- 6 || total
-------------------------+-------+-------++-------
Melee: Long sword        |    78 |   100 ||   178
       Kick              |    16 |    44 ||    60
  Use: Scroll            |       |     5 ||     5
  Eat: Chunk             |       |     6 ||     6
Armor: Leather armour    |     5 |       ||     5
       Ring mail         |    17 |    28 ||    45
Dodge: Dodged            |    77 |   113 ||   190
       Rpst.: Long sword |    15 |    38 ||    53
